Map: Ley Lines

Players

Remarcable (uThermal)

  • Race: Terran Terran
  • League: Master
  • Spawn Location: 1:00

Krystianer - Winner!

  • Race: Protoss Protoss
  • League: Master
  • Spawn Location: 7:00

Event: FEL Cracov 2025

VOD

Have the link to the VOD?

Description

Time

  • Played on: July 27, 2025, 12:01 p.m.
  • Length: 9:30

All games in this series

Show
View Real Time Build Order
Export as new Build Order

Remarcable Terran 

Build Orders:  

Get SALT Encoding   

  12  0:00  SCV  
  13  0:12  SCV  
  14  0:17  Supply Depot  
  14  0:24  SCV  
  14  0:27  Refinery  
  15  0:38  SCV  
  16  0:43  Barracks  
  16  0:50  SCV  
  17  1:02  SCV  
  18  1:15  SCV  
  19  1:30  Marine, Orbital Command  
  19  1:31  Factory  
  20  1:48  Barracks Reactor  
  20  1:56  Command Center  
  20  2:02  Supply Depot  
  20  2:04  SCV  
  21  2:16  SCV  
  22  2:24  Supply Depot  
  22  2:28  Hellion x2, SCV  
  27  2:32  Refinery  
  27  2:41  SCV  
  28  2:49  Hellion  
  28  2:50  Hellion  
  32  2:53  SCV  
  32  2:54  Starport  
  33  3:05  SCV  
  34  3:08  Orbital Command  
  34  3:12  Widow Mine  
  36  3:14  Widow Mine  
  38  3:22  Barracks Tech Lab  
  38  3:27  SCV  
  39  3:30  Medivac  
  41  3:36  Widow Mine  
  41  3:37  SCV  
  41  3:39  SCV  
  45  3:42  Widow Mine  
  47  3:49  SCV  
  47  3:51  SCV  
  47  3:52  Supply Depot  
  49  3:59  Marine, Stimpack  
  49  4:01  SCV  
  51  4:05  SCV  
  52  4:11  Barracks  
  52  4:14  Starport Reactor  
  52  4:15  Factory Tech Lab  
  52  4:16  Barracks  
  52  4:17  SCV  
  53  4:18  SCV, Marine  
  55  4:24  Engineering Bay  
  55  4:29  SCV  
  56  4:35  SCV  
  56  4:36  Marine  
  56  4:40  Siege Tank  
  56  4:41  SCV  
  56  4:42  Refinery  
  56  4:44  Bunker  
  60  4:48  Supply Depot  
  60  4:50  Supply Depot  
  58  4:54  Marine  
  58  4:57  SCV  
  60  5:05  Marine x2  
  60  5:06  Terran Infantry Weapons Level 1  
  62  5:09  SCV x2  
  62  5:13  Marine  
  62  5:14  Marine  
  66  5:16  Siege Tank  
  66  5:18  Refinery  
  66  5:19  Supply Depot, Marine  
  70  5:23  Marine  
  70  5:24  Starport Reactor  
  70  5:25  SCV x2  
  73  5:30  Supply Depot, Marine  
  72  5:36  Marine  
  72  5:37  SCV x2  
  72  5:39  Marine  
  76  5:43  Combat Shield, Marine  
  76  5:49  SCV, Siege Tank  
  79  5:50  Marine  
  79  5:51  Marine  
  79  5:54  SCV  
  79  5:57  Marine x2  
  82  6:01  SCV  
  82  6:02  Supply Depot, Marine  
  84  6:05  Medivac  
  84  6:07  SCV  
  84  6:08  Marine  
  84  6:10  Medivac  
  90  6:13  Supply Depot, Marine  
  90  6:14  Marine  
  91  6:20  Supply Depot  
  91  6:21  Siege Tank  
  91  6:23  Marine x2  
  96  6:27  Supply Depot, Marine  
  96  6:29  SCV  
  98  6:37  Marine  
  94  6:40  Medivac  
  94  6:41  Marine x2  
  94  6:45  Marine x2  
  100  6:54  Siege Tank  
  97  6:55  Marine  
  97  7:00  Marine  
  95  7:01  Marine  
  95  7:03  Marine x2  
  98  7:09  Medivac  
  98  7:10  Medivac  
  98  7:12  Marine  
  103  7:18  Marine  
  103  7:19  Marine  
  103  7:21  Marine x2  
  106  7:26  Siege Tank  
  107  7:30  Marine  
  107  7:36  Marine  
  107  7:37  Marine  
  103  7:39  Marine  
  103  7:41  Marine  
  82  7:48  Marine  
  63  7:53  Marine  
  63  7:54  Marine  
  63  7:56  Marine  
  58  7:58  Medivac  
  58  7:59  Marine  
  61  8:06  Marine  
  61  8:08  Siege Tank  
  61  8:11  Marine  
  61  8:12  Marine  
  66  8:14  Marine  
  66  8:16  Marine  
  64  8:24  Marine  
  64  8:29  Liberator, Marine  
  64  8:30  Marine  
  64  8:32  Marine  
  70  8:34  Marine  
  70  8:36  Liberator  
  74  8:42  Marine  
  74  8:47  Marine  
  76  8:50  Siege Tank  
  79  8:57  Marine  
  80  9:07  Marine  
Show
View Real Time Build Order
Export as new Build Order

Krystianer Protoss - Winner!

Build Orders: 1 Gate Expand, Blink Stalkers, Zealot Archon 

Get SALT Encoding   

  12  0:00  Probe  
  13  0:12  Probe  
  14  0:17  Pylon  
  14  0:22  Probe  
  15  0:31  Probe  
  16  0:36  Gateway  
  16  0:39  Probe  
  16  0:45  Assimilator  
  17  0:51  Probe  
  18  1:03  Probe  
  19  1:15  Probe  
  20  1:23  Cybernetics Core  
  20  1:31  Nexus  
  20  1:34  Probe  
  21  1:41  Pylon  
  21  1:46  Probe  
  22  1:48  Assimilator  
  22  1:49  Adept  
  22  1:53  Warp Gate  
  22  1:58  Probe  
  25  2:09  Adept  
  25  2:10  Probe  
  26  2:22  Probe  
  29  2:28  Twilight Council  
  29  2:34  Probe  
  30  2:37  Stalker  
  30  2:42  Probe  
  33  2:47  Probe  
  34  2:55  Probe  
  34  2:56  Stalker  
  35  2:59  Probe  
  34  3:07  Probe  
  34  3:10  Blink  
  34  3:11  Probe  
  38  3:13  Gateway  
  38  3:19  Probe  
  39  3:20  Gateway  
  39  3:23  Probe  
  40  3:28  Robotics Facility  
  40  3:31  Probe  
  41  3:35  Probe  
  41  3:43  Probe, Stalker  
  41  3:47  Probe  
  45  3:55  Probe, Pylon  
  46  4:03  Gateway  
  46  4:13  Probe x2  
  46  4:14  Stalker x2  
  46  4:15  Observer  
  53  4:17  Pylon  
  53  4:22  Nexus  
  53  4:26  Assimilator  
  53  4:29  Gateway  
  53  4:37  Probe  
  53  4:41  Probe  
  53  4:43  Stalker x2  
  58  4:48  Gateway  
  58  4:49  Probe  
  58  4:51  Pylon  
  59  4:53  Probe  
  60  5:01  Forge, Probe  
  60  5:05  Observer  
  62  5:09  Shield Battery, Probe  
  62  5:10  Shield Battery  
  62  5:13  Probe  
  64  5:16  Stalker  
  64  5:18  Stalker  
  68  5:21  Probe  
  68  5:24  Gateway  
  68  5:26  Probe  
  68  5:27  Charge  
  70  5:30  Probe  
  70  5:31  Probe  
  72  5:36  Protoss Ground Weapons Level 1  
  72  5:38  Probe x2  
  72  5:39  Probe  
  74  5:46  Stalker x2  
  74  5:48  Probe  
  74  5:49  Probe  
  78  5:50  Probe  
  81  6:00  Probe  
  81  6:01  Probe  
  81  6:02  Probe  
  84  6:08  Templar Archives  
  84  6:09  Gateway  
  84  6:10  Gateway  
  84  6:17  Gateway  
  84  6:18  Gateway  
  84  6:20  Pylon  
  84  6:21  Pylon  
  84  6:22  Immortal  
  84  6:30  Gateway  
  82  6:40  Probe, Stalker x2, Zealot  
  82  6:41  Zealot  
  90  6:48  Shield Battery  
  90  6:55  Pylon  
  90  7:02  Zealot x2  
  90  7:05  Zealot x3  
  100  7:08  Pylon  
  100  7:14  High Templar x2  
  104  7:16  Zealot  
  104  7:18  Archon, Pylon  
  104  7:22  Zealot  
  108  7:28  Zealot x5  
  110  7:39  Zealot  
  92  7:45  Zealot  
  92  7:47  Psionic Storm  
  92  7:50  Stalker, Zealot x2  
  92  7:51  Zealot x4  
  86  8:02  Zealot  
  86  8:11  Zealot x5  
  96  8:16  Zealot x2  
  92  8:21  High Templar  
  92  8:24  Zealot  
  90  8:29  Probe x3  
  90  8:33  High Templar  
  95  8:34  Zealot x4  
  103  8:45  Zealot x3  
  103  8:46  Probe x2  
  111  8:54  Nexus  
  111  8:57  High Templar  
  111  9:02  Pylon  
  113  9:09  Stalker x2  
  115  9:16  Stalker, Zealot x4  
Tags
 
Add a new tag
Caveats
  • Supply blocks, unpowered buildings, or Contaminate may cause inaccurate times.
  • Supply counts are checked every 10 seconds.